 Dungeon Crawl Stone Soup version 0.28.0-43-g3370ac3207 (webtiles) character file.

Game seed: 7291819224579320869

782 fknight the Chopper (level 7, -3/63 HPs)
             Began as a Hill Orc Monk on Mar 5, 2022.
             Was a Priest of Beogh.
             Slain by an ogre
             ... wielding a +0 giant club
              (17 damage)
             ... on level 5 of the Dungeon.
             The game lasted 00:15:39 (5021 turns).

fknight the Chopper (Hill Orc Monk)                 Turns: 5021, Time: 00:15:39

Health: -3/63      AC: 11    Str: 16    XL:     7   Next: 86%
Magic:  7/7        EV:  7    Int: 16    God:    Beogh [***...]
Gold:   263        SH:  0    Dex: 13    Spells: 6/6 levels left

rFire   . . .      SeeInvis .   a - +0 hand axe
rCold   . . .      Faith    .   (no shield)
rNeg    . . .      Spirit   .   j - +0 chain mail
rPois   .          Reflect  .   o - +0 helmet
rElec   .          Harm     .   m - +0 cloak
rCorr   .          Rampage  .   (no gloves)
Will    +....                   u - +0 pair of boots
Stlth   ..........              (no amulet)
HPRegen 0.20/turn               e - ring of willpower
MPRegen 0.10/turn               s - +6 ring of intelligence

@: no status effects
A: no striking features
a: Renounce Religion, Smiting


You were on level 5 of the Dungeon.
You worshipped Beogh.
Beogh was most pleased with you.
You visited 1 branch of the dungeon, and saw 5 of its levels.

You collected 263 gold pieces.

Inventory:

Hand Weapons
 a - a +0 hand axe (weapon)
 n - a +2 vampiric dagger
 q - a +0 dagger of speed
 v - a +1 vampiric dagger
Missiles
 f - 129 stones (quivered)
 l - 69 arrows
 t - 23 bolts
 w - 4 poisoned darts
 z - 5 javelins
 A - a silver boomerang
Armour
 j - a +0 chain mail (worn)
 m - a +0 cloak (worn)
 o - a +0 helmet (worn)
 u - a +0 pair of boots (worn)
Jewellery
 e - a ring of willpower (left hand)
 s - a +6 ring of intelligence (right hand)
Wands
 y - a wand of mindburst (18)
 C - a wand of flame (3)
Scrolls
 g - a scroll of amnesia
 h - a scroll of identify
 r - a scroll of teleportation {unknown}
 B - a scroll of immolation {unknown}
Potions
 i - a potion of mutation
 p - a potion of curing
 x - a potion of invisibility


   Skills:
 + Level 6.2 Fighting
 + Level 6.8 Axes
 + Level 4.2 Dodging
 + Level 4.0 Stealth


You had 6 spell levels left.
You didn't know any spells.
Your spell library contained the following spells:

 Spells                   Type           Power      Damage    Failure   Level
 Corpse Rot               Necr/Air       0%         N/A       100%        2
 Dazzling Flash           Conj/Hex       0%         N/A       100%        3
 Dispel Undead            Necr           0%         3d6       100%        4
 Iskenderun's Mystic Bla  Conj/Tloc      0%         2d3       100%        4
 Death Channel            Necr           0%         N/A       100%        6
 Starburst                Conj/Fire      0%         6d3       100%        6


Dungeon Overview and Level Annotations

Branches:
Dungeon (5/15)
 Temple: D:4-7

Altars:
Okawaru


Message History

The adder is heavily wounded.
The adder bites you.
You are poisoned.
The adder poisons you! The adder closely misses you.
You hit the adder.
The adder is almost dead.
You feel sick. The adder completely misses you.
You hit the adder.
You kill the adder!
Beogh accepts your kill.
You feel sick.
You feel sick.
You feel sick.
You start resting.
You feel sick.
You are no longer poisoned.
You start resting.
HP restored.
Found 23 sling bullets.
An ogre comes into view. It is wielding a +0 giant club.
The ogre shouts!
You see here 23 sling bullets.
The ogre hits you with a +0 giant club!
You hit the ogre.
The ogre is lightly wounded.
You hit the ogre but do no damage.
The ogre is lightly wounded.
The ogre hits you with a +0 giant club!!
You hit the ogre.
The ogre is moderately wounded.
The ogre hits you but does no damage.
You slash the ogre!
The ogre is heavily wounded.
The ogre hits you with a +0 giant club.
* * * LOW HITPOINT WARNING * * *
You hit the ogre.
The ogre is severely wounded.
You barely miss the ogre.
The ogre is severely wounded.
The ogre hits you with a +0 giant club!
You die...

#.#####.# #.# #.### #.# #...#
#.# #.#.# #.#####<#.#
#.......#.# ####.####.#######
#########.# #........
#...O@o...# #########
#.#########******#####
***********,*** *,,,,,,,.....
*,,,,,,,,,,,,,* *,******#####
*,*********,*,******,***********
*,* *,*,*<,,,,,,,,,,,,,,,, *,*
*,*,*,****,**********, *,*****
*,*,*,* *,* *, *,,,,,*****,*,*,*
*,* *,


You could see an ogre (ally target) and a friendly orc warrior.

Vanquished Creatures
  An ogre (D:5)
  A necrophage (D:4)
  A bullfrog (D:4)
  2 orc priests
  A jelly (D:4)
  A hound (D:2)
  An iguana (D:4)
  An orc wizard (D:3)
  Robin (D:3)
  4 adders
  4 gnolls (D:4)
  An adder skeleton (D:4)
  2 worms
  A dart slug (D:3)
  11 orcs
  8 ball pythons
  6 endoplasms
  4 giant cockroaches
  10 hobgoblins
  2 jackals (D:4)
  2 quokkas (D:3)
  3 bats
  4 frilled lizards
  12 goblins
  4 kobolds
  3 rats
91 creatures vanquished.

Vanquished Creatures (collateral kills)
  An ogre (D:5)
  A scorpion (D:5)
  A centaur skeleton (D:5)
  2 hound zombies (D:5)
  A hound skeleton (D:5)
  A quokka (D:5)
7 creatures vanquished.

Vanquished Creatures (others)
  An orc wizard (D:3)
  An orc (D:3)
  6 toadstools (D:1)
8 creatures vanquished.

Grand Total: 106 creatures vanquished

Notes
Turn   | Place    | Note
-------+----------+-------------------------------------------
     0 | D:1      | fknight the Hill Orc Monk began the quest for the Orb.
     0 | D:1      | Reached XP level 1. HP: 19/19 MP: 1/1
   364 | D:1      | Reached XP level 2. HP: 27/27 MP: 2/2
   677 | D:2      | Reached XP level 3. HP: 24/33 MP: 3/3
  1086 | D:2      | Reached XP level 4. HP: 29/40 MP: 4/4
  1912 | D:3      | Became a worshipper of Beogh the Brigand
  1912 | D:3      | Reached * piety under Beogh
  1912 | D:3      | Reached ** piety under Beogh
  2087 | D:3      | Noticed Robin
  2102 | D:3      | Reached skill level 5 in Axes
  2126 | D:3      | Killed Robin
  2127 | D:3      | Reached XP level 5. HP: 45/47 MP: 5/5
  2305 | D:3      | Found a faded altar of an unknown god.
  3218 | D:4      | Noticed a necrophage
  3221 | D:4      | Reached skill level 5 in Fighting
  3221 | D:4      | Reached XP level 6. HP: 55/56 MP: 6/6
  3255 | D:4      | Killed a necrophage
  3492 | D:4      | Found an iron altar of Okawaru.
  3929 | D:4      | Reached XP level 7. HP: 41/61 MP: 7/7
  4296 | D:5      | Entered Level 5 of the Dungeon
  4322 | D:5      | Reached *** piety under Beogh
  5021 | D:5      | Slain by an ogre

Illustrated notes

Levels and vault maps discovered:
D:1:      matt_arrival_diagonals, layout_rooms, minmay_gold_behind_fungi
D:2:      layout_basic
D:3:      layout_loops_corners, hellmonk_ecumenical_altar_inner_sanctum,
          hangedman_feature_mirror, hangedman_decor_clover_reticule, uniq_robin
D:4:      layout_rooms, lemuel_round_altar
D:5:      layout_loops_ring, uniq_pikel

Skill      XL: |  1  2  3  4  5  6  7 |
---------------+----------------------+-----
Fighting       | 4 5 6 |  6.2
Stealth        | 2 3 4 |  4.0
Dodging        | 3 4 |  4.2
Axes           | 5 6 |  6.8

Action                   |  1- 3 |  4- 6 |  7- 9 || total
-------------------------+-------+-------+-------++-------
Melee: Hand axe          |    85 |   232 |    74 ||   391
       Punch             |     2 |     6 |     1 ||     9
Throw: Stone             |       |     6 |    11 ||    17
       Dart              |       |     5 |     3 ||     8
Invok: Convert to Beogh  |       |     1 |       ||     1
  Use: Scroll            |       |       |     7 ||     7
 Stab: Distracted        |       |       |     1 ||     1
Armor: Scale mail        |    42 |    94 |    18 ||   154
       Robe              |     2 |       |       ||     2
       Chain mail        |       |       |     6 ||     6
Dodge: Dodged            |    56 |   128 |    29 ||   213
